 Dungeon Crawl Stone Soup version 0.19-a0-1922-g1e9a4c1 (webtiles) character file.

7590 jerryfan the Slicer (level 10, -1/91 HPs)
             Began as a Mottled Draconian Berserker on Oct 21, 2016.
             Was an Elder of Trog.
             Slain by a water moccasin (6 damage)
             ... on level 1 of the Lair of Beasts on Oct 24, 2016.
             The game lasted 00:52:12 (9077 turns).

jerryfan the Slicer (Mottled Draconian Berserker)   Turns: 9077, Time: 00:52:13

Health: -1/91      AC: 10    Str: 22    XL:     10   Next: 97%
Magic:  12/12      EV: 21    Int:  8    God:    Trog [****..]
Gold:   596        SH:  0    Dex: 13    Spells: 0 memorised, 9 levels left

rFire  . . .     SeeInvis .     C - +5 pair of quick blades "Gyre" and "Gimble" {pierce, Dex-3}
rCold  . . .     Gourm    .     (armour unavailable)
rNeg   . . .     Faith    .     (shield currently unavailable)
rPois  .         Spirit   .     (helmet restricted)
rElec  .         Reflect  .     D - +1 cloak {+Inv}
rCorr  +         Harm     .     t - +0 pair of gloves
MR     .....                    (no boots)
Stlth  ++++......               (no amulet)
                                (no ring)
                                h - ring of resist corrosion

@: agile, lethally poisoned (-1 -> -1)
A: breathe sticky flame splash, unfitting armour, mutation resistance 1,
cold-blooded, AC +7
a: Breathe Sticky Flame, Berserk, Trog's Hand, Brothers in Arms, Burn
Spellbooks, Renounce Religion, Evoke Invisibility


You were on level 1 of the Lair of Beasts.
You worshipped Trog.
Trog was greatly pleased with you.
You were hungry.

You visited 2 branches of the dungeon, and saw 11 of its levels.
You also visited: Volcano.

You collected 596 gold pieces.

Inventory:

Hand Weapons
 a - a +0 falchion
 k - a +2 short sword of venom
 o - a +0 quarterstaff of speed
 C - the +5 pair of quick blades "Gyre" and "Gimble" (weapon) {pierce, Dex-3}
   (You found it on level 8 of the Dungeon)

   It inflicts extra damage upon your enemies.
   It affects your dexterity (-3).
Missiles
 I - 2 silver tomahawks (quivered)
Armour
 t - a +0 pair of gloves (worn)
 D - a +1 cloak of invisibility (worn)
 E - the +1 buckler of Hospitality {rElec rF- Str+4}
   (You found it on level 6 of the Dungeon)

   It affects your strength (+4).
   It makes you vulnerable to fire.
   It insulates you from electricity.
Jewellery
 h - a ring of resist corrosion (left hand)
Wands
 w - a wand of digging (15/24)
 G - a wand of disintegration (9/24)
Scrolls
 c - 5 scrolls of remove curse
 e - 4 scrolls of fog
 j - 5 scrolls of identify
 l - a scroll of magic mapping
 r - 4 scrolls of recharging {unknown}
 K - a scroll of immolation {unknown}
Potions
 g - 2 potions of resistance
 n - 5 potions of lignification
 L - a potion of brilliance
Books
 s - a book of Frost

   Spells                             Type                      Level
   a - Freeze                         Ice                          1
   b - Throw Frost                    Conjuration/Ice              2
   c - Ozocubu's Armour               Charms/Ice                   3
   d - Throw Icicle                   Conjuration/Ice              4
   e - Summon Ice Beast               Ice/Summoning                4
   Trog disapproves of the use of such an item.
 y - a book of Clouds

   Spells                             Type                      Level
   a - Mephitic Cloud                 Conjuration/Poison/Air       3
   b - Conjure Flame                  Conjuration/Fire             3
   c - Poisonous Cloud                Conjuration/Poison/Air       6
   d - Freezing Cloud                 Conjuration/Ice/Air          6
   e - Ring of Flames                 Charms/Fire                  7
   Trog disapproves of the use of such an item.
Comestibles
 b - 8 bread rations
 d - 2 beef jerkies
 f - 6 meat rations
 m - 8 fruits
 q - 7 chunks of flesh


   Skills:
 + Level 9.3 Fighting
 + Level 10.6(11.3) Short Blades
 + Level 6.4(9.4) Long Blades
 + Level 6.7 Dodging
 + Level 4.5 Stealth
 + Level 3.0 Evocations


You had 9 spell levels left.
You didn't know any spells.

Dungeon Overview and Level Annotations

Branches:
Dungeon (10/15)            Temple (0/1) D:6            Lair (1/6) D:8
    Orc (0/2) D:10

Altars:
Cheibriados
Elyvilon
Gozag
Makhleb
Nemelex Xobeh
Ru
Uskayaw
Zin


Innate Abilities, Weirdness & Mutations

You can spit globs of burning liquid.
You can ignite nearby creatures when you spit burning liquid.
Your weird mottled scales are hard. (AC +7)
You cannot fit into any form of body armour.
You are cold-blooded and may be slowed by cold attacks.
You are somewhat resistant to further mutation.


Message History

The water moccasin bites you.
* * * LOW HITPOINT WARNING * * *
You are poisoned.
The water moccasin poisons you!
You feel sick.
You feel sick.
The water moccasin bites you but does no damage.
The water moccasin barely misses you.
You feel sick.
The two-headed ogre completely misses you. x2
The yak gores you!
* * * LOW HITPOINT WARNING * * *
You feel sick.
You feel sick.
You feel sick.
You feel sick.
You feel sick.
Found 15 stones.
The water moccasin bites you.
You die...

.............
..###t#.#..........#
...................#
#Y..####...........#
#...# .. ......# #...##
....# #....#
########...# .##
....####.#.##.#...#.....
............YY.S@.......
...........YY..O.##.....
###########.####..# ...
### #..... . #......
#....... .......(
####....


You could see 4 yaks, a two-headed ogre and a water moccasin.

Vanquished Creatures
  A hydra (Lair:1)
  Pikel (D:8)
  Joseph (D:9)
  A black mamba (Lair:1)
  3 two-headed ogres (Volcano)
  A hippogriff (D:7)
  A spriggan (D:8)
  A wyvern (Lair:1)
  12 yaks
  A hungry ghost (D:9)
  Menkaure (D:4)
  A water moccasin (Lair:1)
  An ice beast (D:9)
  A porcupine (Lair:1)
  An orc warrior (D:9)
  A sky beast (D:9)
  The ghost of Graouh the Shield-Bearer, an amateur MiFi (D:3)
  A black bear (Lair:1)
  A phantom (D:5)
  5 ogres
  2 centaurs
  A necrophage (D:8)
  The ghost of Nuatha the Sneak, an amateur OpWn (D:4)
  3 bullfrogs
  A water moccasin skeleton (D:9)
  A scorpion (D:9)
  3 howler monkeys
  A crimson imp (D:9)
  A quasit (D:9)
  2 bullfrog zombies
  A hound (D:9)
  4 jellies
  2 centaur skeletons
  An orc priest (D:8)
  3 orc wizards
  2 iguanas (D:9)
  8 worker ants
  A hound zombie (D:5)
  A hound skeleton (D:6)
  7 gnolls
  6 adders
  3 shadow imps (D:5)
  2 oozes
  3 worms
  2 dart slugs
  5 leopard geckos
  12 orcs
  5 bats
  5 giant cockroaches
  11 goblins
  3 hobgoblins
  12 jackals
  2 kobolds
  2 quokkas
  A frilled lizard (D:3)
  12 rats
  2 fungi
171 creatures vanquished.

Vanquished Creatures (others)
  An orc (D:8)
1 creature vanquished.

Grand Total: 172 creatures vanquished

Notes
Turn   | Place    | Note
-------+----------+-------------------------------------------
     0 | D:1      | jerryfan the Draconian Berserker began the quest for the Orb.
     0 | D:1      | Reached XP level 1. HP: 19/19 MP: 1/1
   210 | D:1      | Reached XP level 2. HP: 26/26 MP: 2/2
   857 | D:2      | Reached XP level 3. HP: 23/33 MP: 3/3
  1062 | D:2      | Reached ** piety under Trog
  1766 | D:3      | Noticed Graouh's ghost (amateur MiFi)
  1845 | D:3      | Reached XP level 4. HP: 29/40 MP: 4/4
  2324 | D:3      | Found a hide-covered altar of Uskayaw.
  2441 | D:3      | Killed Graouh's ghost
  2441 | D:3      | Reached XP level 5. HP: 46/47 MP: 5/5
  3066 | D:3      | Reached skill level 5 in Long Blades
  3298 | D:3      | Found a burning altar of Makhleb.
  3301 | D:3      | Found a white marble altar of Elyvilon.
  3893 | D:4      | Reached XP level 6. HP: 47/53 MP: 6/6
  3917 | D:4      | Noticed Nuatha's ghost (amateur OpWn)
  3923 | D:4      | Noticed Menkaure
  3932 | D:4      | Killed Nuatha's ghost
  3932 | D:4      | Reached skill level 1 in Stealth
  3935 | D:4      | Killed Menkaure
  3935 | D:4      | Reached skill level 1 in Short Blades
  4167 | D:4      | Found a sparkling altar of Nemelex Xobeh.
  4196 | D:4      | Your scales start taking on a weird mottled colour.
  4196 | D:4      | Reached XP level 7. HP: 39/60 MP: 7/7
  4391 | D:5      | Entered Level 5 of the Dungeon
  4592 | D:5      | Reached skill level 5 in Fighting
  4594 | D:5      | Reached skill level 2 in Short Blades
  4599 | D:5      | Reached *** piety under Trog
  4689 | D:5      | Reached skill level 3 in Short Blades
  5006 | D:5      | Reached XP level 8. HP: 54/68 MP: 8/8
  5198 | D:5      | You fall through a shaft for 3 floors!
  5206 | D:8      | Reached skill level 4 in Short Blades
  5207 | D:8      | Noticed Pikel
  5240 | D:8      | Found a staircase to the Lair.
  5300 | D:7      | Found a sacrificial altar of Ru.
  5367 | D:7      | Upgraded the game from 0.19-a0-1907-gcff654f to 0.19-a0-1920-g83281cb
  5474 | D:7      | Noticed a hippogriff
  5482 | D:7      | Killed a hippogriff
  5482 | D:7      | Reached skill level 5 in Short Blades
  5482 | D:7      | Reached skill level 5 in Dodging
  5951 | D:6      | Found a staircase to the Ecumenical Temple.
  6158 | D:6      | Found a glowing silver altar of Zin.
  6544 | D:6      | Got a transparent buckler
  6545 | D:6      | Identified the +1 buckler of Hospitality {rElec rF- Str+4} (You found it on level 6 of the Dungeon)
  6659 | D:7      | You fall through a shaft!
  6775 | D:8      | Reached skill level 6 in Short Blades
  6828 | D:8      | Killed Pikel
  6828 | D:8      | Reached XP level 9. HP: 66/75 MP: 9/9
  6862 | D:8      | Reached skill level 7 in Short Blades
  6862 | D:8      | Reached skill level 1 in Evocations
  6903 | D:8      | Reached **** piety under Trog
  7085 | D:8      | Found a snail-covered altar of Cheibriados.
  7304 | D:9      | Noticed Joseph
  7330 | D:9      | Killed Joseph
  7330 | D:9      | Reached skill level 8 in Short Blades
  7604 | D:9      | Found an opulent altar of Gozag.
  7803 | D:9      | Reached skill level 9 in Short Blades
  7803 | D:9      | Reached XP level 10. HP: 86/86 MP: 11/11
  7874 | D:9      | Received a gift from Trog
  8165 | D:10     | Entered Level 10 of the Dungeon
  8249 | D:10     | Found a staircase to the Orcish Mines.
  8254 | D:10     | Upgraded the game from 0.19-a0-1920-g83281cb to 0.19-a0-1922-g1e9a4c1
  8377 | D:10     | Gained mutation: You are somewhat resistant to further mutation. [potion of mutation]
  8732 | Lair:1   | Entered Level 1 of the Lair of Beasts
  8809 | Lair:1   | Noticed a black mamba
  8821 | Lair:1   | Killed a black mamba
  8821 | Lair:1   | Reached skill level 10 in Short Blades
  8842 | Lair:1   | Noticed an eight-headed hydra
  8886 | Lair:1   | Killed an eight-headed hydra
  8942 | Lair:1   | Found a dark tunnel.
  8955 | Volcano  | Entered a volcano
  9020 | Volcano  | Noticed an ogre mage
  9039 | Lair:1   | HP: 1/91 [yak (12)]
  9077 | Lair:1   | Slain by a water moccasin

Vault maps used:
D:1:      grunt_arrival_crossed_arrows
D:2:      minmay_tetromino_t2
D:3:      eat_drink_and_be_merry_uskayaw, nicolae_overflow_hidden_temple,
          first_bread
D:4:      nemelex_xobeh_ov_fountains_minmay, uniq_menkaure
D:6:      lemuel_coloured_pillars_altar, bh_walls_and_bars
D:7:      nicolae_ru_sacrificial_ziggurat, nicolae_alphabet_shops,
          hangedman_decor_slide_cut, minmay_guarded_unrand_finisher
D:8:      slow_altar_2, dpeg_oklobed_lair, the_bakery,
          minmay_misc_feat_secret_circle, uniq_pikel
D:9:      nicolae_gozag_seed_capital, uniq_joseph
D:10:     orc_0_dummy
Lair:1:   nicolae_volcano_entry_lava_flow, lab_entry_generic,
          infiniplex_staircase_pool_2
Volcano:  volcano_caves

Skill      XL: |  1  2  3  4  5  6  7  8  9 10 |
---------------+-------------------------------+-----
Dodging        | 3 4 5 6 |  6.7
Fighting       | 4 5 6 7 9 |  9.3
Long Blades    | 4 5 6 |  6.4
Stealth        | 1 2 3 4 |  4.5
Short Blades   | 1 3 6 9 10 | 10.6
Evocations     | 2 3 |  3.0

Action                   |  1- 3 |  4- 6 |  7- 9 | 10-12 || total
-------------------------+-------+-------+-------+-------++-------
Melee: Falchion          |   117 |    69 |       |       ||   186
       Tailslap          |    15 |    15 |    34 |    10 ||    74
       Short sword       |       |    44 |   171 |       ||   215
       Pair of quick bla |       |       |    72 |    67 ||   139
Invok: Berserk           |     1 |     2 |     4 |     1 ||     8
       Trog's Hand       |       |     1 |       |       ||     1
       Burn Spellbooks   |       |       |     1 |       ||     1
 Abil: Breathe Sticky Fl |       |       |    19 |     8 ||    27
       Evoke Invisibilit |       |       |     1 |       ||     1
Evoke: Wand              |       |       |     1 |     2 ||     3
  Use: Potion            |     2 |     4 |     4 |    15 ||    25
       Scroll            |     4 |     1 |     9 |     2 ||    16
 Stab: Sleeping          |     1 |       |     1 |       ||     2
       Distracted        |       |       |     1 |       ||     1
  Eat: Chunk             |     4 |    10 |    11 |     2 ||    27
       Meat ration       |       |       |     1 |       ||     1
       Royal jelly       |       |       |     1 |       ||     1
       Fruit             |       |       |     1 |       ||     1
       Bread ration      |       |       |       |     1 ||     1
Armor: Skin              |    34 |    28 |    56 |     9 ||   127
Dodge: Dodged            |    81 |    73 |   117 |    38 ||   309
       Rpst.: Falchion   |    21 |    24 |       |       ||    45
